 Dungeon Crawl Stone Soup version 0.28-a0-410-gbef64dd269 (webtiles) character file.

Game seed: 3974462161174488398

126761 ytrimaz the Warrior (level 17, -18/148 (151) HPs)
             Began as a Formicid Fighter on Sept 6, 2021.
             Was a High Priest of Cheibriados.
             Demolished by Aizul (39 damage)
             ... on level 2 of the Elven Halls.
             The game lasted 00:59:39 (27167 turns).

ytrimaz the Warrior (Formicid Fighter)             Turns: 27167, Time: 00:59:39

HP:   -18/148 (151) AC: 25    Str: 48    XL:     17   Next: 54%
MP:   44/44         EV:  9    Int: 24    God:    Cheibriados [*****.]
Gold: 2411          SH:  0    Dex: 30    Spells: 14/16 levels left

rFire   + . .      SeeInvis +   U - +3 dire flail (venom)
rCold   + . .      Faith    .   q - +0 kite shield
rNeg    + . .      Spirit   .   V - +2 plate armour of Liroczut {rN+ Slay+3}
rPois   +          Reflect  .   (helmet unavailable)
rElec   .          Harm     .   r - scarf {rC+ rF+}
rCorr   .          Rampage  .   h - +2 pair of gloves
Will    +....                   G - +1 pair of boots
Stlth   +.........              H - amulet of Wim Litaw {Acrobat MP+9 Int+2 Dex+3}
HPRegen 0.34/turn               K - ring of Noypt {rPois MP+9 Dex+3 Stlth+}
MPRegen 0.29/turn               f - +6 ring of strength

@: sleeping, studying Shields, lightly drained, very slow
A: permanent stasis, dig shafts and tunnels, antennae 3, four strong arms
a: Dig, Shaft Self, Renounce Religion, Bend Time, Temporal Distortion, Slouch,
Step From Time


You were on level 2 of the Elven Halls.
You worshipped Cheibriados.
Cheibriados was extremely pleased with you.
You visited 5 branches of the dungeon, and saw 26 of its levels.

You collected 4070 gold pieces.
You spent 1659 gold pieces at shops.

Inventory:

Hand Weapons
 j - the +9 mace "Erya" {flame, rCorr}
   (You found it on level 4 of the Dungeon)

   It burns those it strikes, dealing additional fire damage.
   rCorr:     It protects you from acid and corrosion.
 k - a +0 dire flail of holy wrath
 D - a +4 dire flail of freezing
 U - a +3 dire flail of venom (weapon)
Missiles
 N - a throwing net
Armour
 a - a +0 cloak of willpower
 h - a +2 pair of gloves (worn)
 q - a +0 kite shield (worn)
 r - a scarf of resistance (worn)
 s - the +6 scale mail "Agu Ott" {rC+ Regen+ Int+5}
   (You found it on level 5 of the Dungeon)

   Int:       It affects your intelligence (+5).
   rC:        It protects you from cold.
   Regen:     It increases your rate of health regeneration.
 G - a +1 pair of boots (worn)
 V - the +2 plate armour of Liroczut (worn) {rN+ Slay+3}
   (You found it on level 15 of the Dungeon)

   Slay:      It affects your accuracy & damage with ranged weapons and melee
   (+3).
   rN:        It protects you from negative energy.
 X - +0 storm dragon scales
Jewellery
 f - a +6 ring of strength (right hand)
 o - a ring of positive energy
 A - a ring of flight
 F - a ring of positive energy
 H - the amulet of Wim Litaw (around neck) {Acrobat MP+9 Int+2 Dex+3}
   (You found it on level 6 of the Lair of Beasts)

   [amulet of the acrobat]

   It increases your evasion while moving and waiting.
   Int:       It affects your intelligence (+2).
   Dex:       It affects your dexterity (+3).
   MP:        It affects your magic capacity (+9).
 K - the ring of Noypt (left hand) {rPois MP+9 Dex+3 Stlth+}
   (You bought it in a shop on level 2 of the Dungeon)

   [ring of magical power]

   Dex:       It affects your dexterity (+3).
   rPois:     It protects you from poison.
   MP:        It affects your magic capacity (+9).
   Stlth:     It makes you more stealthy.
 M - an amulet of magic regeneration
 Q - a +6 ring of strength
 T - an amulet of reflection
 Y - a ring of ice
Wands
 b - a wand of paralysis (21)
 l - a wand of polymorph (16)
 t - a wand of flame (90)
 u - a wand of iceblast (5)
 B - a wand of mindburst (8)
 E - a wand of charming (17)
 R - a wand of digging (3)
Scrolls
 c - a scroll of brand weapon
 e - 7 scrolls of magic mapping
 x - 2 scrolls of fear
 y - 6 scrolls of amnesia
 C - 14 scrolls of identify
 I - 2 scrolls of fog
 L - a scroll of summoning
 S - a scroll of silence
Potions
 d - 3 potions of might
 g - 7 potions of attraction
 i - 13 potions of curing
 n - 4 potions of brilliance
 p - 4 potions of lignification
 v - 3 potions of mutation
 w - a potion of resistance
 z - 2 potions of flight
 J - 2 potions of cancellation
 P - 2 potions of magic
 W - a potion of invisibility


   Skills:
 + Level 18.8 Fighting
 - Level 4.2(10.1) Axes
 - Level 13.7(14.0) Maces & Flails
 + Level 15.9 Armour
 * Level 7.0 Stealth
 - Level 9.0 Shields
 - Level 0.1 Earth Magic
 - Level 12.0 Invocations


You had 14 spell levels left.
You knew the following spells:

 Your Spells              Type           Power      Damage    Failure   Level
a - Passwall              Tmut/Erth      0%         N/A       52%         2

Your spell library contained the following spells:

 Spells                   Type           Power      Damage    Failure   Level
 Corpse Rot               Necr/Air       N/A        N/A       54%         2
 Ensorcelled Hibernation  Hex/Ice        0%         N/A       54%         2
 Poisonous Vapours        Pois/Air       0%         N/A       54%         2
 Sublimation of Blood     Necr           0%         N/A       54%         2
 Conjure Flame            Conj/Fire      0%         6-21      77%         3
 Ignite Poison            Fire/Tmut/Pois 0%         N/A       77%         3
 Spider Form              Tmut/Pois      0%         N/A       77%         3
 Petrify                  Tmut/Erth      0%         N/A       99%         4
 Sticky Flame             Conj/Fire      0%         2d3       99%         4
 Irradiate                Conj/Tmut      0%         3d14      100%        5
 Invisibility             Hex            0%         N/A       100%        6
 Swiftness                Air            Unusable   N/A       N/A         3

Dungeon Overview and Level Annotations

Branches:
Dungeon (15/15)            Temple (1/1) D:6            Lair (6/6) D:9
  Swamp (0/4) Lair:2        Snake (0/4) Lair:4        Slime (0/5) Lair:5
    Orc (2/2) D:10            Elf (1/3) Orc:2        Vaults (0/5) D:14
 Depths (0/5) D:15

Altars:
Ashenzari
Cheibriados
Dithmenos
Elyvilon
Fedhas
Gozag
Hepliaklqana
Kikubaaqudgha
Makhleb
Nemelex Xobeh
Okawaru
Qazlal
Ru
Sif Muna
Trog
Uskayaw
Vehumet
Wu Jian
Xom
Yredelemnul
Zin
The Shining One

Shops:
D:2 =   Orc:2 :=(?[   Elf:1 *

Annotations:
Lair:1 2 runed translucent doors, CougarLife's ghost, journeyman MiFi
Elf:2 Aizul


Innate Abilities, Weirdness & Mutations

You cannot be hasted, slowed, berserked, paralysed or teleported.
You can dig through walls and to a lower floor.
You have a pair of large antennae on your head. (SInv)
Your four strong arms can wield two-handed weapons with a shield.


Message History

The poison arrow misses you.
The deep elf zephyrmancer casts a spell at you.
The bolt of lightning hits you!!
You feel sick. Aizul casts a spell at you.
You fall asleep.
Aizul completely misses you. Aizul casts a spell at you.
The bolt of poison hits you but does no damage.
You are more poisoned.
You resist.
You feel very sick.
The deep elf zephyrmancer mumbles some strange words.
The deep elf zephyrmancer blinks!
Aizul coils herself and waves her upper body at you.
The bolt of poison hits you!
You are more poisoned.
You resist.
You wake up.
* * * LOW HITPOINT WARNING * * *
* * * LOW HITPOINT WARNING * * *
You feel extremely sick. Aizul closely misses you.
Aizul coils herself and waves her upper body at you.
The bolt of poison hits you! You resist.
* * * LOW HITPOINT WARNING * * *
* * * LOW HITPOINT WARNING * * *
You feel extremely sick. Aizul barely misses you. You block Aizul's attack.
The deep elf pyromancer casts a spell.
Unknown command.
Unknown command.
Unknown command.
You feel better. Aizul casts a spell at you.
You fall asleep.
Aizul barely misses you.
Aizul says, "Feeling sleepy?"
Aizul closely misses you. Aizul hits you!!!
You die...

#### #### ##...##
##...## #.
##.....###.....###..
##....................
#......................
#......@S.ee............
#...........E...........
##......###..°..........
##....## ##))°.........
#....# #.)..........
##....## ##...........
##..)...### ###.........
#)........# ##........
#.......... #........


You could see Aizul, a deep elf pyromancer, a deep elf zephyrmancer and a fire
elemental (summoned).

Vanquished Creatures
  Frances (D:13)
  A stone giant (D:15)
  Nessos (Lair:4)
  Josephine (D:12)
  The ghost of Reubyar the Impaler, a journeyman MiBe of Trog (Lair:2)
  8 vault guards (D:14)
  Fannar (D:12)
  The ghost of olmar the Basher, a journeyman GrFi of Wu Jian (D:13)
  3 boulder beetles
  8 hydras
  6 centaur warriors
  2 catoblepae
  2 ogre magi (Orc:2)
  12 two-headed ogres
  12 dancing weapons
  12 death yaks
  Nergalle (Lair:3)
  Sonja (D:11)
  3 deep elf knights
  2 deep trolls (Orc:2)
  4 deep elf archers
  3 lindwurms (Lair:6)
  A wolf spider (D:15)
  Pikel (D:5)
  17 deep elf pyromancers
  4 orc knights
  An orc sorcerer (Orc:1)
  14 ugly things
  11 deep elf zephyrmancers
  5 cyclopes
  An oklob plant (Lair:1)
  4 manticores
  4 black mambas
  2 centaur zombies (D:11)
  17 elephants
  3 torpor snails
  2 gargoyles (D:12)
  8 cane toads
  A komodo dragon (shapeshifter) (D:13)
  6 komodo dragons
  An unseen horror (D:11)
  A kobold demonologist (D:13)
  7 rime drakes
  14 trolls
  7 polar bears
  14 dream sheep
  22 blink frogs
  2 slime creatures (Lair:5)
  A meliai zombie (D:11)
  2 air elementals (Elf:1)
  47 yaks
  5 wraiths (D:12)
  2 fire elementals
  8 wyverns
  Eustachio (D:5)
  6 basilisks
  3 fire bats (Lair:3)
  8 vampire mosquitoes
  2 nagas (Lair:4)
  3 steam dragons
  2 wargs
  An acid dragon (D:9)
  15 water moccasins
  Duvessa (D:6)
  10 orc warriors
  3 sky beasts
  An ice beast (D:6)
  2 black bears
  A necrophage (D:6)
  An ice beast (shapeshifter) (D:13)
  20 ogres
  9 wolves
  12 centaurs
  2 lemures (D:5)
  2 kobold brigands
  14 bullfrogs
  A scorpion (D:5)
  A gnoll sergeant (D:12)
  Dowan (D:6)
  A water moccasin zombie (D:5)
  6 killer bees (D:10)
  A water moccasin skeleton (D:6)
  3 electric eels
  2 howler monkeys
  17 wights
  A lava snake (Lair:3)
  3 jellies
  Crazy Yiuf (D:4)
  A hound (D:6)
  12 orc priests
  3 bullfrog skeletons
  Jessica (D:2)
  2 centaur skeletons (D:7)
  Terence (D:2)
  5 iguanas
  10 orc wizards
  A hound skeleton (D:6)
  A howler monkey zombie (D:7)
  13 gnolls
  3 adders
  A shadow imp (D:7)
  A white imp (D:6)
  An ufetubus (D:4)
  A worm (D:2)
  3 dart slugs
  43 orcs
  5 ball pythons
  2 bats
  2 endoplasms
  3 giant cockroaches
  5 goblins
  7 hobgoblins
  5 jackals
  16 kobolds
  A quokka (D:3)
  4 frilled lizards
  5 rats
  A bush (Lair:1)
637 creatures vanquished.

Vanquished Creatures (others)
  2 deep elf knights
  An orc warrior (Elf:1)
  19 fungi
  37 plants
59 creatures vanquished.

Grand Total: 696 creatures vanquished

Notes
Turn   | Place    | Note
-------+----------+-------------------------------------------
     0 | D:1      | ytrimaz the Formicid Fighter began the quest for the Orb.
     0 | D:1      | Reached XP level 1. HP: 18/18 MP: 1/1
   275 | D:1      | Reached XP level 2. HP: 7/24 MP: 2/2
   842 | D:1      | Found a faded altar of an unknown god.
   860 | D:1      | Reached XP level 3. HP: 25/30 MP: 3/3
  1406 | D:2      | Noticed Jessica
  1412 | D:2      | Killed Jessica
  1413 | D:2      | Reached XP level 4. HP: 37/37 MP: 4/4
  1551 | D:2      | Noticed Terence
  1563 | D:2      | Killed Terence
  1841 | D:2      | Reached XP level 5. HP: 35/42 MP: 5/5
  2183 | D:2      | Found Sif Ysto's Jewellery Shoppe.
  2514 | D:3      | Found a hazy altar of Hepliaklqana.
  2719 | D:3      | Found a bloodstained altar of Trog.
  3445 | D:4      | Found a runed translucent door.
  3446 | D:4      | Noticed Crazy Yiuf
  3448 | D:4      | Identified the +9 mace "Erya" {flame, rCorr}
  3453 | D:4      | Killed Crazy Yiuf
  3739 | D:4      | Noticed an ogre
  3742 | D:4      | Killed an ogre
  3743 | D:4      | Reached skill level 4 in Fighting
  3743 | D:4      | Reached skill level 1 in Maces & Flails
  3743 | D:4      | Reached XP level 6. HP: 32/48 MP: 6/6
  3961 | D:4      | Found a blossoming altar of Fedhas.
  3961 | D:4      | Found a shadowy altar of Dithmenos.
  4041 | D:4      | Noticed an ogre
  4047 | D:4      | Killed an ogre
  4048 | D:4      | Reached skill level 5 in Armour
  4318 | D:4      | Found a broken altar of Ashenzari.
  4318 | D:4      | Found an ancient bone altar of Kikubaaqudgha.
  4318 | D:4      | Found a glowing golden altar of the Shining One.
  4342 | D:5      | Entered Level 5 of the Dungeon
  4342 | D:5      | Found a sparkling altar of Nemelex Xobeh.
  4382 | D:5      | Noticed Eustachio
  4388 | D:5      | Killed Eustachio
  4389 | D:5      | Reached XP level 7. HP: 42/55 MP: 7/7
  4445 | D:5      | Reached XP level 8. HP: 39/61 MP: 8/8
  4490 | D:5      | Reached skill level 5 in Fighting
  4849 | D:5      | Reached skill level 5 in Maces & Flails
  4940 | D:5      | Noticed Pikel
  4945 | D:5      | Killed Pikel
  4980 | D:5      | Identified the +6 scale mail "Agu Ott" {rC+ Regen+ Int+5}
  5141 | D:6      | Reached XP level 9. HP: 63/68 MP: 9/9
  5151 | D:6      | Noticed Dowan
  5159 | D:6      | Noticed Duvessa
  5166 | D:6      | Killed Duvessa
  5170 | D:6      | Killed Dowan
  5526 | D:6      | Found a burning altar of Makhleb.
  5569 | D:6      | Found a staircase to the Ecumenical Temple.
  5662 | D:6      | Reached skill level 6 in Fighting
  5912 | Temple   | Entered the Ecumenical Temple
  6077 | D:3      | Became a worshipper of Hepliaklqana the Forgotten
  6230 | D:7      | Found a snail-covered altar of Cheibriados.
  6317 | D:7      | Fell from the grace of Hepliaklqana
  6317 | D:7      | Became a worshipper of Cheibriados the Contemplative
  6871 | D:8      | Reached * piety under Cheibriados
  6994 | D:8      | Found a glowing silver altar of Zin.
  6994 | D:8      | Noticed an angel
  7506 | D:9      | Found a radiant altar of Vehumet.
  7601 | D:9      | Found a sacrificial altar of Ru.
  7898 | D:9      | Reached ** piety under Cheibriados
  7899 | D:9      | Was forgiven by Hepliaklqana
  7900 | D:9      | Found a staircase to the Lair.
  8035 | D:9      | Noticed a komodo dragon
  8040 | D:9      | Killed a komodo dragon
  8041 | D:9      | Reached XP level 10. HP: 70/76 MP: 10/10
  8271 | D:9      | Noticed a two-headed ogre
  8277 | D:9      | Killed a two-headed ogre
  8278 | D:9      | Reached skill level 10 in Maces & Flails
  8621 | D:9      | Identified 2 scrolls of acquirement
  8621 | D:9      | Acquired a manual of Shields
  8626 | D:9      | Acquired 950 gold pieces
  8738 | Lair:1   | Entered Level 1 of the Lair of Beasts
  8738 | Lair:1   | Noticed an oklob plant
  8901 | Lair:1   | You fall into a shaft and drop 1 floor!
  8902 | Lair:2   | Noticed a black mamba
  8920 | Lair:1   | Killed a black mamba
  8921 | Lair:1   | Reached skill level 5 in Shields
  9281 | Lair:1   | Noticed a four-headed hydra
  9290 | Lair:1   | Killed a four-headed hydra
  9291 | Lair:1   | Reached skill level 7 in Fighting
  9291 | Lair:1   | Reached XP level 11. HP: 44/84 MP: 11/11
  9445 | Lair:1   | Found a large runed translucent door.
  9445 | Lair:1   | Found a large runed translucent door.
  9454 | Lair:1   | Noticed CougarLife's ghost (journeyman MiFi)
  9627 | Lair:1   | Reached *** piety under Cheibriados
 10156 | Lair:2   | Noticed a boulder beetle
 10200 | Lair:2   | Reached skill level 8 in Fighting
 10206 | Lair:2   | Killed a boulder beetle
 10464 | Lair:2   | Found a staircase to the Swamp.
 10620 | Lair:2   | Found a large runed translucent door.
 10620 | Lair:2   | Found a large runed translucent door.
 10620 | Lair:2   | Noticed Reubyar's ghost (journeyman MiBe)
 11183 | Lair:2   | Killed Reubyar's ghost
 11184 | Lair:2   | Reached XP level 12. HP: 94/94 MP: 12/12
 11262 | Lair:3   | Reached skill level 9 in Fighting
 11262 | Lair:3   | Reached skill level 10 in Armour
 11282 | Lair:3   | Noticed Nergalle
 11298 | Lair:3   | Killed Nergalle
 11395 | Lair:3   | Reached **** piety under Cheibriados
 11520 | Lair:3   | Reached skill level 1 in Invocations
 11744 | Lair:3   | You fall into a shaft and drop 3 floors!
 11744 | Lair:6   | Entered Level 6 of the Lair of Beasts
 12176 | Lair:6   | Reached skill level 10 in Fighting
 12303 | Lair:6   | Reached XP level 13. HP: 94/103 MP: 16/16
 12456 | Lair:6   | Reached ***** piety under Cheibriados
 12501 | Lair:6   | Reached skill level 5 in Invocations
 12728 | Lair:6   | Noticed an eight-headed hydra
 12735 | Lair:6   | Killed an eight-headed hydra
 12736 | Lair:6   | Reached skill level 11 in Fighting
 12933 | Lair:6   | Identified the amulet of Wim Litaw {Acrobat MP+9 Int+2
                  | Dex+3}
 12943 | Lair:6   | Noticed a catoblepas
 12966 | Lair:6   | Killed a catoblepas
 12979 | Lair:6   | Reached skill level 12 in Fighting
 13004 | Lair:6   | Noticed an eight-headed hydra
 13017 | Lair:6   | Killed an eight-headed hydra
 13498 | Lair:6   | Reached XP level 14. HP: 52/116 MP: 19/19
 13778 | Lair:5   | Reached skill level 13 in Fighting
 13897 | Lair:5   | Found a staircase to the Slime Pits.
 14196 | Lair:5   | Reached skill level 14 in Fighting
 14761 | Lair:4   | Reached ****** piety under Cheibriados
 15019 | Lair:4   | Noticed Nessos
 15030 | Lair:4   | Killed Nessos
 15050 | Lair:4   | Found a staircase to the Snake Pit.
 15128 | Lair:4   | Reached skill level 15 in Fighting
 15632 | Lair:3   | Reached XP level 15. HP: 126/129 MP: 22/22
 16631 | D:2      | Bought the ring of Noypt {rPois MP+9 Dex+3 Stlth+} for 403
                  | gold pieces
 16922 | D:10     | Entered Level 10 of the Dungeon
 17060 | D:10     | Found a staircase to the Orcish Mines.
 17729 | D:10     | Learned a level 2 spell: Passwall
 17988 | D:11     | Reached skill level 10 in Invocations
 17993 | D:11     | Noticed Sonja
 17998 | D:11     | Killed Sonja
 18284 | D:12     | Noticed Josephine
 18304 | D:12     | Killed Josephine
 18579 | D:12     | Noticed Fannar
 18593 | D:12     | Reached skill level 16 in Fighting
 18609 | D:12     | Killed Fannar
 18890 | D:13     | Noticed olmar's ghost (journeyman GrFi)
 18890 | D:13     | Found a runed translucent door.
 18989 | D:13     | Noticed Frances
 19001 | D:13     | Killed Frances
 19449 | D:13     | Killed olmar's ghost
 19591 | D:14     | Found a gate to the Vaults.
 19644 | D:14     | Reached skill level 17 in Fighting
 19644 | D:14     | Reached XP level 16. HP: 108/141 MP: 24/24
 20292 | D:15     | Entered Level 15 of the Dungeon
 20680 | D:15     | Reached skill level 1 in Stealth
 20721 | D:15     | Found a staircase to the Depths.
 20749 | D:15     | Identified the +2 plate armour of Liroczut {rN+ Slay+3}
 21804 | Orc:1    | Entered Level 1 of the Orcish Mines
 22418 | Orc:2    | Entered Level 2 of the Orcish Mines
 22859 | Orc:2    | Found a staircase to the Elven Halls.
 22870 | Orc:2    | Found Hucien's Book Shoppe.
 23031 | Orc:2    | Reached skill level 18 in Fighting
 24024 | Orc:2    | Found Pigioz's Jewellery Boutique.
 24025 | Orc:2    | Found Azexytea's Weapon Boutique.
 24035 | Orc:2    | Found Roita's Magic Scroll Shoppe.
 24046 | Orc:2    | Found Gitimm's Armour Shop.
 24049 | Orc:2    | Bought a scroll of brand weapon for 320 gold pieces
 24171 | Elf:1    | Entered Level 1 of the Elven Halls
 24308 | Orc:2    | Reached skill level 5 in Stealth
 24668 | Orc:2    | Reached XP level 17. HP: 140/150 MP: 26/26
 24684 | Elf:1    | Reached skill level 15 in Armour
 25850 | Elf:1    | Found Otol Hox's General Store.
 25862 | Elf:1    | Bought a scroll of acquirement for 936 gold pieces
 25864 | Elf:1    | Acquired a +0 cloak of willpower
 26374 | Elf:1    | You fall into a shaft and drop 1 floor!
 26378 | Elf:2    | Noticed Aizul
 27167 | Elf:2    | Demolished by Aizul

Illustrated notes

Levels and vault maps discovered:
D:1:      dpeg_arrival_tiny_j, layout_rooms, chequers_ecumenical_altar_island
D:2:      layout_loops_ring, serial_shops, shop, minmay_tromino_mix6,
          uniq_terence, uniq_jessica
D:3:      layout_basic, amcnicky_altar_gilded, trog_three_pillars_becter
D:4:      layout_gridville, nicolae_overflow_hidden_temple,
          uniq_crazy_yiuf_cottage
D:5:      layout_cave_pools, nemelex_xobeh_ov_fountains_minmay, uniq_pikel,
          uniq_eustachio
D:6:      layout_basic, makhleb_blood_cavern_becter, temple_statues,
          kennysheep_windowed_goal, uniq_duvessa
D:7:      layout_basic, lemuel_crystal_altar, minmay_misc_feat_doors
D:8:      layout_basic, zin_angel, minivault_23
D:9:      layout_stronghold, kennysheep_mini, lemuel_round_altar,
          erik_lair_dragon
D:10:     layout_roguey, orc_0_dummy
D:11:     layout_roguey, uniq_sonja
D:12:     layout_loops_ring, onia_ninara_dug_in_and_dangerous, uniq_fannar,
          uniq_josephine
D:13:     layout_cave_pools, hellmonk_ghost_happy_afterlife, uniq_frances
D:14:     layout_cave_pools, erik_vaults_2, serial_bayou_pond_e
D:15:     grunt_enter_depths_giant_problem, layout_layer_cave,
          chequers_big_river
Temple:   jpeg_temple_island
Lair:1:   layout_gridlike, ebering_ghost_disaster_area,
          minmay_lair_oklob_bushes, lemuel_fruit_tree
Lair:2:   layout_roguey, minmay_swamp_entry_reptiles,
          ebering_ghost_disaster_area
Lair:3:   layout_gridlike, uniq_nergalle
Lair:4:   layout_small_grid, guppyfry_snake_entry_garden, uniq_nessos
Lair:5:   layout_loops_ring, minmay_slime_entry_pillars, grunt_megastairs_5
Lair:6:   hangedman_lair_in_review, layout_cave_pods, grunt_megastairs_4
Orc:1:    layout_caves
Orc:2:    st_orc_open, layout_caves, serial_shops, shop
Elf:1:    minmay_elf_arrival_circle, layout_loops_cross, serial_shops, shop,
          orc_legates
Elf:2:    nicolae_elf_blades_crystal_corner, layout_geoelf_diagonals,
          serial_sigils_hangedman_gnaw, minmay_shoptagon, uniq_aizul

Skill      XL: |  1  2  3  4  5  6  7  8  9 10 11 12 13 14 15 16 17 |
---------------+----------------------------------------------------+-----
Axes           | 3 4 |  4.2
Armour         | 4 5 6 7 8 9 10 12 13 14 15 | 15.9
Fighting       | 4 5 6 7 8 10 12 15 17 18 | 18.8
Maces & Flails | 1 2 4 6 9 10 12 13 | 13.7
Shields        | 4 7 9 |  9.0
Invocations    | 4 7 9 11 12 | 12.0
Stealth        | 5 7 |  7.0
Earth Magic    | |  0.1

Action                   |  1- 3 |  4- 6 |  7- 9 | 10-12 | 13-15 | 16-18 || total
-------------------------+-------+-------+-------+-------+-------+-------++-------
Melee: War axe           |    59 |    75 |       |       |       |       ||   134
       Mace              |       |    18 |   223 |    10 |       |       ||   251
       Dire flail        |       |       |    92 |   486 |   984 |   516 ||  2078
 Cast: Passwall          |       |       |       |       |     1 |       ||     1
Invok: Bend Time         |       |       |       |     1 |     8 |       ||     9
       Slouch            |       |       |       |     1 |     3 |     5 ||     9
       Step From Time    |       |       |       |       |       |     2 ||     2
 Abil: Dig               |     5 |    10 |     1 |    18 |    20 |    18 ||    72
       Shaft Self        |       |       |       |       |       |     1 ||     1
  Use: Scroll            |       |     6 |     9 |     7 |     4 |     7 ||    33
       Potion            |       |       |     1 |     1 |     2 |     8 ||    12
 Stab: Distracted        |       |       |       |     1 |       |       ||     1
       Petrified         |       |       |       |       |     2 |       ||     2
       Sleeping          |       |       |       |       |     1 |     1 ||     2
Armor: Scale mail        |    37 |    33 |   103 |   210 |   346 |    33 ||   762
       Plate armour      |       |       |    24 |       |       |   140 ||   164
       Skin              |       |       |       |     2 |       |       ||     2
Dodge: Dodged            |    44 |    47 |   119 |   284 |   495 |   307 ||  1296
Block: Buckler           |    14 |    23 |     6 |       |       |       ||    43
       Kite shield       |       |       |    97 |   273 |   699 |   368 ||  1437
       Reflection        |       |       |       |       |       |    10 ||    10

Table legend: (Time is in decaauts)
 A = Elapsed time spent in this place.
 B = Non-inter-level travel time spent in this place.
 C = Inter-level travel time spent in this place.
 D = Time resting spent in this place.
 E = Time spent auto-exploring this place.
 F = Levels seen in this place.
 G = Mean time per level.
                   A        B        C        D        E       F      G
               +--------+--------+--------+--------+--------+-----+--------+
         Total |  36908 |  34438 |   2470 |   6297 |  19199 |  26 | 1419.5 |
       Dungeon |  19133 |  17046 |   2087 |   2044 |  11305 |  15 | 1275.5 |
        Temple |     88 |     74 |     14 |      0 |     48 |   1 |   88.0 |
          Lair |  10597 |  10380 |    217 |   1596 |   5966 |   6 | 1766.2 |
  Orcish Mines |   3917 |   3765 |    152 |   1211 |   1097 |   2 | 1958.5 |
   Elven Halls |   3170 |   3170 |      0 |   1444 |    781 |   2 | 1585.0 |
               +--------+--------+--------+--------+--------+-----+--------+

Top non-repeatable levels by time:
  Lair:6: 2599 daAuts
    D:15: 2596 daAuts
   Orc:2: 2401 daAuts
   Elf:1: 2335 daAuts
     D:9: 2234 daAuts
  Lair:1: 1869 daAuts
  Lair:5: 1584 daAuts
  Lair:2: 1563 daAuts
    D:10: 1553 daAuts
  Lair:3: 1519 daAuts
   Orc:1: 1516 daAuts
  Lair:4: 1461 daAuts
    D:14: 1277 daAuts
     D:1: 1271 daAuts
     D:4: 1240 daAuts
